 Dungeon Crawl Stone Soup version 0.29.0-4-gdea44cf6ec (webtiles) character file.

Game seed: 3962144027711230734

12187 mortz the Covert (level 11, -4/81 HPs)
             Began as a Demigod Conjurer on Aug 24, 2022.
             Slain by a komodo dragon (24 damage)
             ... on level 1 of the Lair of Beasts on Aug 26, 2022.
             The game lasted 01:31:42 (14594 turns).

mortz the Covert (Demigod Conjurer)                Turns: 14594, Time: 01:31:43

Health: -4/81      AC: 12    Str: 12    XL:     11   Next: 33%
Magic:  15/25      EV: 13    Int: 30    God:
Gold:   669        SH:  0    Dex: 12    Spells: 16/23 levels left

rFire   . . .      SeeInvis +   H - +2 dagger (speed)
rCold   + . .      Faith    .   (no shield)
rNeg    . . .      Spirit   .   g - +2 leather armour {rC+}
rPois   .          Reflect  .   K - +3 crown of Dyrovepreva {rElec Int+2 SInv}
rElec   +          Harm     .   (no cloak)
rCorr   .          Rampage  +   (no gloves)
Will    ++...                   p - +2 pair of boots "Wiureu" {Rampage +Blink}
Stlth   ++++......              q - amulet of magic regeneration
HPRegen 0.23/turn               f - ring of wizardry
MPRegen 0.59/turn               v - ring of willpower

@: no status effects
A: high MP 1, forlorn, divine attributes
a: Evoke Blink


You were on level 1 of the Lair of Beasts.
You visited 2 branches of the dungeon, and saw 12 of its levels.

You collected 669 gold pieces.

Inventory:

Hand Weapons
 a - a +0 dagger of electrocution
 h - a +1 dagger
 x - a +0 rapier
 B - a +0 short sword of protection
 C - a +1 vorpal long sword
 H - a +2 dagger of speed (weapon)
 L - a +4 trident
 N - a +0 war axe
Missiles
 o - 2 throwing nets
Armour
 d - a +2 pair of boots
 g - a +2 leather armour of cold resistance (worn)
 m - a +0 ring mail
 p - the +2 pair of boots "Wiureu" (worn) {Rampage +Blink}
   (You found it on level 4 of the Dungeon)

   +Blink:    It lets you blink.
   Rampage:   It bestows one free step when moving towards enemies.
 t - a +2 helmet
 K - the +3 crown of Dyrovepreva (worn) {rElec Int+2 SInv}
   (You found it on level 9 of the Dungeon)

   Int:       It affects your intelligence (+2).
   rElec:     It insulates you from electricity.
   SInv:      It lets you see invisible.
Jewellery
 f - a ring of wizardry (left hand)
 i - a ring of positive energy
 q - an amulet of magic regeneration (around neck)
 v - a ring of willpower (right hand)
 w - an amulet of regeneration
 y - a ring of protection from fire
 D - a ring of fire
 M - an amulet of guardian spirit
 P - a ring of positive energy
Wands
 A - a wand of acid (8)
 R - a wand of iceblast (1)
 S - a wand of mindburst (1)
 U - a wand of polymorph (8)
Scrolls
 c - 3 scrolls of butterflies
 r - a scroll of brand weapon {unknown}
 F - a scroll of enchant weapon
 G - a scroll of enchant armour
 I - 4 scrolls of amnesia
 Q - 2 scrolls of teleportation
Potions
 b - 2 potions of magic
 e - 6 potions of lignification
 j - a potion of brilliance
 k - 2 potions of might
 l - 6 potions of flight
 n - 3 potions of curing
 s - 3 potions of heal wounds
 u - 4 potions of haste
 z - a potion of cancellation
 E - 4 potions of attraction
 J - a potion of ambrosia
 T - a potion of berserk rage
Miscellaneous
 O - a phial of floods


   Skills:
 + Level 2.6 Fighting
 * Level 2.2 Short Blades
 + Level 5.5 Armour
 + Level 4.4 Dodging
 * Level 9.5 Stealth
 + Level 6.6 Spellcasting
 + Level 8.2 Conjurations
 + Level 3.0 Translocations
 * Level 6.5 Evocations


You had 16 spell levels left.
You knew the following spells:

 Your Spells              Type           Power      Damage    Failure   Level
a - Magic Dart            Conj           100%       1d8       1%          1
b - Searing Ray           Conj           100%       2d8       1%          2
c - Iskenderun's Mystic   Conj/Tloc      43%        2d10      2%          4

Your spell library contained the following spells:

 Spells                   Type           Power      Damage    Failure   Level
 Static Discharge         Conj/Air       34%        3-8/arc   1%          2
 Dazzling Flash           Conj/Hex       68%        N/A       1%          3
 Beastly Appendage        Tmut           20%        N/A       2%          1
 Poisonous Vapours        Pois/Air       20%        N/A       4%          2
 Wereblood                Tmut           10%        N/A       4%          2
 Fulminant Prism          Conj/Hex       17%        3d11      4%          4
 Sticky Flame             Conj/Fire      34%        2d5       4%          4
 Inner Flame              Hex/Fire       10%        N/A       8%          3
 Spider Form              Tmut/Pois      10%        N/A       8%          3
 Cause Fear               Hex            5%         N/A       24%         4
 Corpse Rot               Necr/Pois/Air  10%        N/A       24%         4
 Dispel Undead            Necr           10%        3d9       24%         4
 Petrify                  Tmut/Erth      10%        N/A       24%         4
 Metabolic Englaciation   Hex/Ice        5%         N/A       52%         5
 Statue Form              Tmut/Erth      6%         N/A       97%         6
 Discord                  Hex            5%         N/A       100%        8


Dungeon Overview and Level Annotations

Branches:
Dungeon (10/15)            Temple (0/1) D:6            Lair (2/5) D:9
  Swamp: Lair:2-3    Shoals: Lair:2-3     Snake: Lair:2-3    Spider: Lair:2-3
    Orc: D:9-12

Shops:
D:1 =   D:3 =   D:5 (   D:7 (   D:10 **(

Annotations:
D:6 3 runed translucent doors, Zeldest's ghost, novice OpTm; worthlessgem's ghost, novice FeTm


Innate Abilities, Weirdness & Mutations

You have an increased reservoir of magic. (+10% MP)
You shall have no god before yourself.
Your divine heritage dramatically boosts your attributes as you level up.


Message History

You finish channelling your searing ray.
The komodo dragon bites you!!
Casting: Searing Ray (safe; 1% risk of failure)
Confirm with . or Enter, or press ? or * to list all spells.
You erupt in a blast of force!
The mystic blast hits the komodo dragon!
The komodo dragon is heavily wounded.
The elephant trumpets!
You hear a trumpeting! x3
The komodo dragon bites you.
An elephant comes into view. x2
Casting: Iskenderun's Mystic Blast (dangerous; 2% risk of failure)
Confirm with . or Enter, or press ? or * to list all spells.
You erupt in a blast of force!
The mystic blast hits the komodo dragon.
The komodo dragon is heavily wounded.
The komodo dragon is knocked back by the mystic blast.
An elephant comes into view.
An elephant comes into view.
The komodo dragon closely misses you.
There is a stone staircase leading up here.
The elephant barely misses you. The elephant closely misses you.
The komodo dragon bites you!!
The elephant trumpets!
You climb upwards.
There is a stone staircase leading down here.
Casting: Iskenderun's Mystic Blast (dangerous; 2% risk of failure)
Confirm with . or Enter, or press ? or * to list all spells.
You erupt in a blast of force!
The mystic blast hits the elephant!
The elephant is lightly wounded.
The elephant is knocked back by the mystic blast.
The mystic blast hits the komodo dragon!
The komodo dragon is severely wounded.
The komodo dragon bites you!
* * * LOW HITPOINT WARNING * * *
The komodo dragon attacks as you move away!
The komodo dragon misses you. The elephant completely misses you.
The elephant closely misses you.
The komodo dragon attacks as you move away!
The komodo dragon bites you!!
You die...

.................................
..##+###...................###'##
.......#......#####P##.....###..#
.#.....#......########.....##...#
..............#.....#......##...#
.#.....#.......#.....#.....##...#
.#.....+.......#.....#......#...#
.#.....#......##lY..##......##.##
.......#......##@....#.....#..+.#
.#............##.#####...........
.##..###......##.#####...........
.........................>.......
###########.####.###PP####P##..##
### ### #### ########


You could see an elephant and a komodo dragon.

Vanquished Creatures
  A hydra (Lair:1)
  A two-headed ogre (D:10)
  An ugly thing (D:9)
  5 cane toads
  2 kobold demonologists (D:10)
  2 trolls (D:10)
  A hornet (D:9)
  A blink frog (Lair:2)
  2 wyverns (D:8)
  13 yaks
  2 wraiths
  2 shadows
  3 wargs (D:9)
  5 water moccasins
  An orc warrior (D:8)
  An ice beast (D:5)
  2 black bears (Lair:1)
  3 ogres
  2 centaurs
  2 phantoms
  A kobold brigand (D:10)
  10 bullfrogs
  3 necrophages
  A scorpion (D:5)
  11 wights
  14 killer bees
  2 howler monkeys (D:9)
  3 electric eels (D:7)
  A jelly (D:3)
  4 hounds
  11 orc priests
  2 iguanas (D:6)
  8 orc wizards
  Robin (D:3)
  6 gnolls
  12 adders
  An ufetubus (D:4)
  4 worms
  A dart slug (D:5)
  23 orcs
  7 endoplasms
  5 giant cockroaches
  13 goblins
  9 hobgoblins
  10 jackals
  9 kobolds
  4 quokkas
  5 ball pythons
  5 bats
  7 frilled lizards
  6 rats
251 creatures vanquished.

Vanquished Creatures (others)
  2 fungi (Lair:2)
  42 plants
44 creatures vanquished.

Grand Total: 295 creatures vanquished

Notes
Turn   | Place    | Note
-------+----------+-------------------------------------------
     0 | D:1      | mortz the Demigod Conjurer began the quest for the Orb.
     0 | D:1      | Reached XP level 1. HP: 14/14 MP: 5/5
   222 | D:1      | Found Wide's Jewellery Shoppe.
   618 | D:1      | Reached skill level 2 in Stealth
  1058 | D:2      | Reached XP level 2. HP: 20/20 MP: 0/7
  1061 | D:2      | Learned a level 2 spell: Searing Ray
  1213 | D:1      | Reached XP level 3. HP: 19/26 MP: 5/8
  2341 | D:3      | Reached XP level 4. HP: 33/33 MP: 3/9
  2582 | D:3      | Reached skill level 3 in Stealth
  2672 | D:3      | Reached skill level 1 in Armour
  2723 | D:3      | Reached XP level 5. HP: 38/38 MP: 8/11
  2735 | D:3      | Learned a level 4 spell: Iskenderun's Mystic Blast
  2824 | D:3      | Noticed Robin
  3254 | D:3      | Found Umoozur's Jewellery Emporium.
  3596 | D:3      | Killed Robin
  3618 | D:3      | Found Umoozur's Jewellery Emporium.
  4192 | D:4      | Identified the +2 pair of boots "Wiureu" {Rampage +Blink}
  4241 | D:4      | Reached skill level 4 in Stealth
  4347 | D:4      | Reached skill level 5 in Conjurations
  4495 | D:4      | Reached XP level 6. HP: 45/45 MP: 8/12
  5024 | D:5      | Entered Level 5 of the Dungeon
  5092 | D:5      | Found Vegas's Firing Range.
  5115 | D:5      | Reached skill level 5 in Stealth
  5115 | D:5      | Reached skill level 1 in Evocations
  5194 | D:5      | Reached XP level 7. HP: 49/50 MP: 9/13
  5343 | D:5      | Reached skill level 6 in Stealth
  5800 | D:6      | Found a staircase to the Ecumenical Temple.
  5815 | D:6      | Reached XP level 8. HP: 57/57 MP: 7/15
  5997 | D:6      | Found a runed translucent gate.
  5999 | D:6      | Found a runed translucent gate.
  6000 | D:6      | Found a runed translucent gate.
  6001 | D:6      | Noticed Zeldest's ghost (novice OpTm)
  6001 | D:6      | Noticed worthlessgem's ghost (novice FeTm)
  6111 | D:6      | Upgraded the game from 0.29-b1-12-g9e2288ab2a to 0.29.0
  6165 | D:7      | Reached skill level 7 in Stealth
  6259 | D:7      | Found Wynyr Causau's Weapon Shop.
  7014 | D:7      | Upgraded the game from 0.29.0 to 0.29.0-3-gbb0933ed62
  7622 | D:8      | Reached XP level 9. HP: 20/62 MP: 10/18
  7934 | D:8      | Reached skill level 1 in Translocations
  8338 | D:8      | Reached skill level 1 in Fighting
  8498 | D:8      | Reached skill level 8 in Stealth
  8677 | D:8      | Reached skill level 5 in Spellcasting
  9386 | D:9      | Noticed a red ugly thing
  9421 | D:9      | Found the +3 crown of Dyrovepreva {rElec Int+2 SInv}
  9567 | D:9      | Found a staircase to the Lair.
  9905 | D:8      | Reached skill level 5 in Evocations
 10285 | D:9      | Reached XP level 10. HP: 68/73 MP: 18/21
 10292 | D:9      | Paralysed by a hornet for 2 turns
 10296 | D:9      | Paralysed by a hornet for 1 turns
 11034 | D:9      | Killed a red ugly thing
 11288 | D:9      | Found a staircase to the Lair.
 11497 | D:10     | Entered Level 10 of the Dungeon
 11616 | D:10     | Noticed a soul eater
 11620 | D:10     | Reached skill level 5 in Armour
 11689 | D:10     | Found Waotych's Assorted Antiques.
 12118 | D:10     | Found Xepywno's Assorted Antiques.
 12145 | D:10     | Noticed a two-headed ogre
 12152 | D:10     | Killed a two-headed ogre
 12225 | D:10     | Reached skill level 9 in Stealth
 12256 | D:10     | Found Rionov's Antique Weapon Shoppe.
 12596 | Lair:1   | Entered Level 1 of the Lair of Beasts
 12605 | Lair:1   | Noticed a four-headed hydra
 12622 | Lair:1   | Killed a four-headed hydra
 12623 | Lair:1   | Reached skill level 1 in Short Blades
 12659 | Lair:1   | Reached XP level 11. HP: 79/79 MP: 16/24
 12948 | Lair:1   | Upgraded the game from 0.29.0-3-gbb0933ed62 to
                  | 0.29.0-4-gdea44cf6ec
 13023 | Lair:1   | You fall into a shaft and drop 1 floor!
 13159 | Lair:2   | Identified the +0 barding of the Manifold Runes {-Tele
                  | rPois rF++ Will+}
 14594 | Lair:1   | Slain by a komodo dragon

Illustrated notes

Levels and vault maps discovered:
D:1:      sevenhm_arrival_forest_fort_small_6, layout_basic, serial_shops, shop
D:2:      layout_rooms, serial_glass, glass_columns_a, glass_columns_c,
          ebering_ecumenical_altar_abandoned, roderic_roman_lattice,
          grunt_ministairs_5, hangedman_decor_clover_reticule,
          chequers_serial_rivers_micro_b
D:3:      minmay_razor_zed, layout_basic, nicolae_kikubaaqudgha_miasma_corner,
          serial_shops, shop, uniq_robin
D:4:      layout_basic, nicolae_hepliaklqana_hippocampus
D:5:      layout_cave_pools, nicolae_shop_firing_range
D:6:      layout_rooms, minmay_temple_entry_proselytizer,
          gammafunk_ghost_cemetery
D:7:      layout_basic, serial_bayou, serial_bayou_crossing,
          serial_bayou_shore_a, serial_bayou_shore_b, serial_bayou_lagoon_a,
          serial_shops, shop_fountains, small_statue_alley_b
D:8:      layout_loops_corners
D:9:      layout_basic, erik_lair_orcish_takeover
D:10:     layout_roguey, serial_shops, nicolae_shop_stone, shop,
          nicolae_shop_behind_doors
Lair:1:   layout_regular_city, chequers_serial_rivers_micro_c,
          beast_lair_carwin_4
Lair:2:   layout_long_grid, minmay_swamp_entry_worms, serial_bayou_pond_b,
          grunt_megastairs_2, uniq_gastronok

Skill      XL: |  1  2  3  4  5  6  7  8  9 10 11 |
---------------+----------------------------------+-----
Stealth        | 2 3 4 5 6 7 8 9 |  9.5
Conjurations   | 4 5 6 7 8 |  8.2
Spellcasting   | 2 4 5 6 |  6.6
Armour         | 1 2 3 4 5 |  5.5
Dodging        | 2 3 4 |  4.4
Evocations     | 1 2 3 5 6 |  6.5
Translocations | 1 2 3 |  3.0
Fighting       | 1 2 |  2.6
Short Blades   | 1 2 |  2.2

Action                   |  1- 3 |  4- 6 |  7- 9 | 10-12 || total
-------------------------+-------+-------+-------+-------++-------
Melee: Dagger            |    10 |    19 |     8 |    13 ||    50
 Cast: Magic Dart        |    25 |    23 |    42 |    25 ||   115
       Searing Ray       |    15 |    38 |    68 |    47 ||   168
       Iskenderun's Myst |       |       |     7 |    51 ||    58
Evoke: Wand              |       |       |       |     3 ||     3
  Use: Scroll            |     7 |     5 |    11 |     3 ||    26
       Potion            |       |       |     2 |       ||     2
 Stab: Sleeping          |     4 |    12 |     5 |     5 ||    26
Armor: Leather armour    |     4 |    31 |    57 |    29 ||   121
Dodge: Dodged            |    23 |    38 |    80 |    40 ||   181
